 Dungeon Crawl Stone Soup version 0.17-a0-1596-g1e86911 (webtiles) character file.

760 Malak the Caller (level 7, -14/36 HPs)
             Began as a Deep Elf Summoner on July 28, 2015.
             Was an Initiate of Sif Muna.
             Demolished by an orc warrior
             ... wielding a +0 war axe
              (21 damage)
             ... on level 7 of the Dungeon on July 30, 2015.
             The game lasted 00:52:31 (4791 turns).

Malak the Caller (Deep Elf Summoner)                Turns: 4791, Time: 00:52:31

Health: -14/36     AC:  5    Str:  5      XL:     7   Next: 50%
Magic:  10/17      EV: 13    Int: 22      God:    Sif Muna [......]
Gold:   358        SH:  0    Dex: 10 (15) Spells: 5 memorised, 3 levels left

rFire  . . .     SeeInvis .     E - +2 quarterstaff (chaos)
rCold  . . .     Clarity  .     a - +0 robe
rNeg   . . .     SustAt   .     (no shield)
rPois  .         Gourm    .     (no helmet)
rElec  .         Spirit   .     F - +0 cloak
rCorr  .         Warding  .     (no gloves)
rMut   .         Stasis   .     J - +0 pair of boots
MR     .....                    v - amulet of regeneration
Stlth  ++........               (no ring)
                                x - +1 ring of protection

@: lethally poisoned (-14 -> -32), not resistant to hostile enchantments,
unstealthy
A: no striking features
a: Renounce Religion


You were on level 7 of the Dungeon.
You worshipped Sif Muna.
Sif Muna was noncommittal.
You were not hungry.

You visited 2 branches of the dungeon, and saw 8 of its levels.

You collected 358 gold pieces.

Inventory:

Hand weapons
 g - a +0 short sword
 l - a +0 hunting sling
 E - a +2 quarterstaff of chaos (weapon)
Missiles
 o - 5 needles of sleeping
 A - 6 sling bullets of flame
 B - 15 poisoned sling bullets
Armour
 a - a +0 robe (worn)
 F - a +0 cloak (worn)
 G - a +0 cloak
 J - a +0 pair of boots (worn)
Jewellery
 v - an amulet of regeneration (around neck)
 x - a +1 ring of protection (left hand)
Magical devices
 u - a wand of digging (10)
 C - a wand of random effects (32)
 I - a wand of random effects (22)
Scrolls
 e - 7 scrolls of identify
 i - 3 scrolls of remove curse {unknown}
 k - 3 scrolls of recharging {unknown}
 m - 3 scrolls of enchant armour {unknown}
 n - a scroll of magic mapping {unknown}
 q - 2 scrolls of amnesia {unknown}
 y - 2 scrolls of teleportation {unknown}
 z - 6 scrolls of blinking {unknown}
 K - a scroll of enchant weapon {unknown}
Potions
 d - a potion of cancellation {unknown}
 f - a potion of agility {unknown}
 h - a potion of curing {unknown}
 j - a potion of ambrosia {unknown}
 p - a potion of haste {unknown}
 s - a potion of lignification {unknown}
 t - a potion of mutation {unknown}
 w - a potion of invisibility {unknown}
 D - 2 potions of might {unknown}
 H - a potion of resistance {unknown}
Books
 b - a book of Callings

   Spells                             Type                      Level
   a - Summon Small Mammal            Summoning                    1
   b - Call Imp                       Summoning                    2
   c - Call Canine Familiar           Summoning                    3
   d - Summon Guardian Golem          Hexes/Summoning              3
   e - Summon Lightning Spire         Summoning/Air                4
   f - Summon Ice Beast               Ice/Summoning                4
 L - a book of Necromancy

   Spells                             Type                      Level
   a - Pain                           Necromancy                   1
   b - Animate Skeleton               Necromancy                   1
   c - Vampiric Draining              Necromancy                   3
   d - Regeneration                   Charms/Necromancy            3
   e - Animate Dead                   Necromancy                   4
   f - Control Undead                 Necromancy                   4
Comestibles
 c - 6 bread rations


   Skills:
 - Level 0.2 Staves
 + Level 3.7 Dodging
 + Level 3.9 Stealth
 + Level 5.6 Spellcasting
 + Level 6.0 Summonings
 + Level 3.2 Ice Magic
 - Level 4.2 Air Magic


You had 3 spell levels left.
You knew the following spells:

 Your Spells              Type           Power        Failure   Level  Hunger
a - Summon Small Mammal   Summ           ####         1%          1    None
b - Call Imp              Summ           ####....     1%          2    None
c - Call Canine Familiar  Summ           ####....     2%          3    ##.....
d - Summon Lightning Spi  Summ/Air       ####....     12%         4    ####...
e - Summon Ice Beast      Ice/Summ       ####....     14%         4    ####...


Dungeon Overview and Level Annotations

Branches:
Dungeon (7/15)             Temple (1/1) D:6

Altars:
Cheibriados
Dithmenos
Elyvilon
Fedhas
Gozag
Kikubaaqudgha
Makhleb
Nemelex Xobeh
Okawaru
Qazlal
Ru
Sif Muna
Vehumet
Xom
Yredelemnul
Zin
The Shining One
Lugonu


Message History

Confirm with . or Enter, or press ? or * to list all spells.
Aiming: Summon Lightning Spire
Press: ? - help, Dir - move target cursor An electric hum fills the air.
You feel sick.
The gnoll sergeant hits you with a spear of venom.
You are more poisoned.
The orc warrior hits you with a war axe!
The orc warrior hits your lightning spire but does no damage.
An orc comes into view.
Casting: Summon Lightning Spire
Confirm with . or Enter, or press ? or * to list all spells.
You feel sick.
The gnoll sergeant hits you with a spear of venom.
* * * LOW HITPOINT WARNING * * *
You are lethally poisoned!
The kobold unwields an uncursed blowgun.
The kobold wields an uncursed dagger.
The kobold barely misses you.
The orc warrior hits you with a war axe!!
Ouch! That really hurt!
You die...

K.g# ...## ....'
.$..# . ....# ..
##+####...# ..
...##.g.K##...# ...
..(....@8.....##...
...##...o.†....'...
#....h.(...#..
#.....#†..##
#####+.(...#
...........#
............#
##....o.....#
#.......'..#


You could see an orc warrior, a gnoll sergeant, an orc, a kobold, a friendly
lightning spire and a friendly hound.

Vanquished Creatures
  A gnoll (D:1)
  An adder (D:5)
  An ooze (D:1)
  A bat zombie (D:5)
  2 hobgoblins (D:3)
  2 jackals
  3 kobolds
  4 bats
  3 giant newts
  2 goblins
  5 rats
25 creatures vanquished.

Vanquished Creatures (collateral kills)
  A hippogriff (D:7)
  An ice beast (D:4)
  2 black bears (D:6)
  An eye of draining (D:4)
  An ogre (D:6)
  A centaur (D:5)
  A big kobold (D:7)
  A scorpion (D:6)
  2 crimson imps
  2 jellies (D:6)
  A quasit (D:5)
  Crazy Yiuf (D:4)
  A centaur skeleton (D:4)
  3 hounds
  3 worker ants
  Natasha (thrice) (D:3)
  An iguana (D:4)
  A worker ant zombie (D:5)
  A gnoll (D:7)
  7 adders
  An ooze (D:2)
  6 worms
  A giant gecko (D:5)
  6 orcs
  3 bats
  5 giant cockroaches
  11 goblins
  6 hobgoblins
  8 kobolds
  3 quokkas
  A ball python (D:1)
  5 giant newts
  7 jackals
  A quokka skeleton (D:5)
  6 rats
  2 butterflies (D:6)
107 creatures vanquished.

Grand Total: 132 creatures vanquished

Notes
Turn   | Place    | Note
--------------------------------------------------------------
     0 | D:1      | Malak the Deep Elf Summoner began the quest for the Orb.
     0 | D:1      | Reached XP level 1. HP: 10/10 MP: 6/6
   186 | D:1      | Reached XP level 2. HP: 9/15 MP: 5/8
   193 | D:1      | Learned a level 2 spell: Call Imp
   779 | D:2      | Reached XP level 3. HP: 10/19 MP: 8/10
   832 | D:2      | Found a sparkling altar of Nemelex Xobeh.
   844 | D:2      | Found an ancient bone altar of Kikubaaqudgha.
   947 | D:2      | Learned a level 3 spell: Call Canine Familiar
   997 | D:2      | Reached skill level 5 in Summonings
  1186 | D:2      | Found an opulent altar of Gozag.
  1188 | D:2      | Found an iron altar of Okawaru.
  1464 | D:3      | Reached XP level 4. HP: 20/24 MP: 6/12
  1470 | D:3      | Learned a level 4 spell: Summon Lightning Spire
  1470 | D:3      | Noticed Natasha
  1478 | D:3      | Killed Natasha
  1684 | D:3      | Noticed Natasha
  1694 | D:3      | Killed Natasha
  1867 | D:3      | Found a basalt altar of Yredelemnul.
  1936 | D:3      | Noticed Natasha
  1939 | D:3      | Killed Natasha
  2201 | D:4      | Noticed an ice beast
  2212 | D:4      | Killed an ice beast
  2212 | D:4      | Reached XP level 5. HP: 28/28 MP: 10/14
  2589 | D:4      | Noticed Crazy Yiuf
  2600 | D:4      | Killed Crazy Yiuf
  2600 | D:4      | Reached skill level 1 in Air Magic
  2728 | D:4      | Noticed an eye of draining
  2740 | D:4      | Killed an eye of draining
  2917 | D:4      | Found a sacrificial altar of Ru.
  3121 | D:4      | Reached XP level 6. HP: 32/32 MP: 9/15
  3139 | D:4      | Learned a level 4 spell: Summon Ice Beast
  3198 | D:5      | Entered Level 5 of the Dungeon
  3318 | D:5      | Reached skill level 1 in Ice Magic
  3391 | D:5      | Upgraded the game from 0.17-a0-1582-ge6b0260 to 0.17-a0-1596-g1e86911
  3790 | D:6      | Found a blossoming altar of Fedhas.
  3874 | D:6      | Found a shimmering altar of Xom.
  3915 | D:6      | Found a shadowy altar of Dithmenos.
  4008 | D:6      | Found a white marble altar of Elyvilon.
  4008 | D:6      | Found a glowing silver altar of Zin.
  4008 | D:6      | Found a glowing golden altar of the Shining One.
  4176 | D:6      | Found a staircase to the Ecumenical Temple.
  4186 | D:6      | Reached XP level 7. HP: 36/36 MP: 12/16
  4191 | Temple   | Entered the Ecumenical Temple
  4205 | Temple   | Became a worshipper of Sif Muna the Loreminder
  4422 | D:6      | Reached skill level 5 in Spellcasting
  4615 | D:7      | Found a burning altar of Makhleb.
  4650 | D:7      | Reached skill level 6 in Summonings
  4791 | D:7      | Demolished by an orc warrior

Vault maps used:
D:1:      roderic_crop_circles_arrival_small
D:2:      nicolae_overflow_hidden_temple, first_bread, serial_bayou_pond_c
D:3:      overflow_temple_1_default, kennysheep_nub, uniq_natasha
D:4:      kennysheep_mini_moat, uniq_crazy_yiuf_cottage
D:6:      good_gods_mini_temple, old_standard_altar, xom_butterflies,
          grunt_dithmenos_smoke_and_mirrors
D:7:      kennysheep_big_flooded_room, lightli_temple_of_fire,
          cheibrodos_ashenzari_chains, serial_shops, shop_fountains,
          basic_altar, uniq_duvessa
Temple:   corrupted_temple

Action                   |  1- 3 |  4- 6 |  7- 9 || total
-------------------------+-------+-------+-------++-------
Melee: Club              |     7 |       |       ||     7
       Short sword       |    51 |    29 |       ||    80
       Unarmed           |     2 |       |       ||     2
       Quarterstaff      |       |    16 |     3 ||    19
 Cast: Summon Small Mamm |     9 |       |       ||     9
       Call Imp          |    15 |     1 |       ||    16
       Call Canine Famil |     6 |    22 |     5 ||    33
       Summon Lightning  |       |    16 |     6 ||    22
       Summon Ice Beast  |       |     2 |     2 ||     4
  Use: Scroll            |       |     3 |     1 ||     4
 Stab: Sleeping          |     4 |     3 |       ||     7
       Distracted        |     1 |       |       ||     1
  Eat: Chunk             |     3 |    10 |     1 ||    14
       Beef jerky        |       |     2 |       ||     2
       Bread ration      |       |       |     1 ||     1
